 Dungeon Crawl Stone Soup version 0.19.5 (webtiles) character file.

22479 Reinor the Unseen (level 12, -1/86 HPs)
             Began as a Vampire Enchanter on Mar 15, 2017.
             Was a High Priest of Dithmenos.
             Slain by a vault guard
             ... wielding a +0 dire flail
              (22 damage)
             ... on level 13 of the Dungeon.
             The game lasted 01:07:16 (9646 turns).

Reinor the Unseen (Vampire Enchanter)               Turns: 9646, Time: 01:07:17

Health: -1/86      AC: 11    Str:  7    XL:     12   Next: 63%
Magic:  1/30       EV: 17    Int: 21    God:    Dithmenos [*****.]
Gold:   756        SH:  0    Dex: 20    Spells: 8 memorised, 3 levels left

rFire  . . .     SeeInvis +     s - +0 short sword (elec)
rCold  . . .     Gourm    .     K - +1 leather armour of Ziemargha {Dex+4} (curse)
rNeg   . . .     Faith    .     (no shield)
rPois  .         Spirit   .     (no helmet)
rElec  .         Reflect  .     g - +2 cloak
rCorr  .         Harm     .     d - +0 pair of gloves
MR     +....                    (no boots)
Stlth  +++++++++.               C - amulet of regeneration
                                I - ring of magical power
                                A - +3 ring of protection

@: regenerating quickly, wreathed by umbra
A: fangs 3, see invisible, unbreathing
a: Shadow Step, Shadow Form, Renounce Religion


You were on level 13 of the Dungeon.
You worshipped Dithmenos.
Dithmenos was extremely pleased with you.
You were full.

You visited 2 branches of the dungeon, and saw 14 of its levels.

You collected 783 gold pieces.
You spent 27 gold pieces at shops.

Inventory:

Hand Weapons
 a - a +0 short sword of speed
 s - a +0 short sword of electrocution (weapon)
 L - a +0 blowgun
Missiles
 k - 57 poisoned needles
 n - 2 needles of sleeping
 v - 2 throwing nets (quivered)
 w - 5 curare-tipped needles
Armour
 d - a +0 pair of gloves (worn)
 g - a +2 cloak (worn)
 K - the cursed +1 leather armour of Ziemargha (worn) {Dex+4}
   (You found it on level 9 of the Dungeon)

   It affects your dexterity (+4).
   It has a curse placed upon it.
 N - +0 mottled dragon scales
Jewellery
 A - a +3 ring of protection (left hand)
 C - an amulet of regeneration (around neck)
 I - a ring of magical power (right hand)
Wands
 c - a wand of digging (16/24)
 y - a wand of teleportation (7/9)
 G - a wand of disintegration (16/24)
 H - a wand of lightning (10/15)
 M - a wand of confusion (24/48)
Scrolls
 b - 4 scrolls of teleportation
 l - 9 scrolls of remove curse
 m - 2 scrolls of identify
 q - a scroll of magic mapping
 D - 2 scrolls of enchant weapon
 E - 2 scrolls of enchant armour
 J - 2 scrolls of recharging
 O - a scroll of fog
Potions
 e - 3 potions of agility
 f - 2 potions of brilliance
 h - 2 potions of curing
 i - a potion of lignification
 j - a potion of resistance
 o - a potion of ambrosia
 p - 2 potions of haste
 r - 2 potions of cancellation
 t - a potion of magic
 x - 3 potions of might
 z - 6 potions of flight
 B - 3 potions of cure mutation
 P - 2 potions of blood
Books
 F - a book of Geomancy

   Spells                             Type                      Level
   a - Sandblast                      Earth                        1
   b - Passwall                       Transmutation/Earth          2
   c - Stone Arrow                    Conjuration/Earth            3
   d - Petrify                        Transmutation/Earth          4
   e - Lee's Rapid Deconstruction     Earth                        5


   Skills:
 - Level 5.0 Fighting
 + Level 9.1 Short Blades
 - Level 2.2 Throwing
 - Level 8.0 Dodging
 - Level 16.2 Stealth
 - Level 6.1 Spellcasting
 - Level 3.1 Conjurations
 - Level 12.0 Hexes
 - Level 3.2 Summonings
 - Level 3.1 Transmutations
 - Level 3.3 Ice Magic
 - Level 4.3 Earth Magic
 - Level 2.1 Invocations


You had 3 spell levels left.
You knew the following spells:

 Your Spells              Type           Power        Failure   Level  Hunger
a - Corona                Hex            ######.      1%          1    None
b - Ensorcelled Hibernat  Hex/Ice        #####.       1%          2    None
c - Confuse               Hex            ######..     1%          3    ##.....
d - Dazzling Spray        Conj/Hex       #####.       1%          3    ##.....
e - Summon Butterflies    Summ           ###.....     4%          1    None
f - Summon Mana Viper     Hex/Summ       #####...     21%         5    #####..
g - Passwall              Tmut/Erth      ###.......   6%          2    None
h - Stone Arrow           Conj/Erth      ###...       12%         3    ##.....


Dungeon Overview and Level Annotations

Branches:
Dungeon (13/15)            Temple (1/1) D:5            Lair (0/6) D:8
    Orc (0/2) D:11
 Vaults: D:13-14

Altars:
Ashenzari
Cheibriados
Dithmenos
Elyvilon
Fedhas
Gozag
Hepliaklqana
Kikubaaqudgha
Makhleb
Nemelex Xobeh
Okawaru
Qazlal
Ru
Sif Muna
Trog
Uskayaw
Vehumet
Xom
Yredelemnul
Zin
The Shining One

Shops:
D:11 (%(


Innate Abilities, Weirdness & Mutations

Your natural rate of healing is unusually fast.
You have razor-sharp teeth.
You have supernaturally acute eyesight. (SInv)
You can survive without breathing.


Message History

The vault guard resists with almost no effort.
Casting: Ensorcelled Hibernation
Confirm with . or Enter, or press ? or * to list all spells.
Aiming: Ensorcelled Hibernation
Press: ? - help, Shift-Dir - straight line, f - vault guard
Aim: a vault guard, wielding a dire flail and wearing a plate armour (umbra, chance to defeat MR: 31%)
The vault guard easily resists.
The vault guard closely misses you.
Casting: Ensorcelled Hibernation
Confirm with . or Enter, or press ? or * to list all spells.
Aiming: Ensorcelled Hibernation
Press: ? - help, Shift-Dir - straight line, f/p - vault guard
Aim: a vault guard, wielding a dire flail and wearing a plate armour (umbra, chance to defeat MR: 31%)
The vault guard easily resists.
The vault guard hits you with a dire flail!
* * * LOW HITPOINT WARNING * * *
Quiver which item? (- for none, * to show all) (? for menu, Esc to quit)
Okay, then.
Yummy - fresh blood!
The vault guard hits you with a dire flail!!
You die...

+..#..#...#.#§....'.....#
..
#..#..#...#.#.)...#§....#
..
#..#...#.##'''###p''##...
#..#.....#.....# p...#...
#..#.....'..)..# ...#...
#..#.....'..⌠..# ..#...
#..#...ppp†...(# .%#...
##'#...#p#†..[%# #...
#......#@#############.<.
#......#.................
#......#..#.....#........
####...#.)#.....#........
#...#..#.....#........
#...#))#.....#........
##..#...#(.#.....#.......:
........#..#.....#.......)
a.......#..#.....#........


You could see a vault guard, a wizard and 2 humans.

Vanquished Creatures
  A vault guard (D:13)
  A hydra (D:11)
  A centaur warrior (D:13)
  Urug (D:11)
  2 wizards (D:13)
  6 hill giants
  Pikel (D:5)
  A deep elf mage (D:12)
  2 ugly things
  A manticore (D:11)
  2 centaur zombies
  A centaur skeleton (D:10)
  2 gargoyles
  7 trolls
  Prince Ribbit (D:7)
  5 hippogriffs
  Sigmund (D:3)
  The ghost of Denreik the Skirmisher, an amateur FoCK of Xom (D:10)
  7 yaks
  Grum (D:9)
  Eustachio (D:5)
  16 humans
  A hungry ghost (D:13)
  A steam dragon (D:7)
  3 vampire mosquitoes (D:12)
  A soldier ant (D:12)
  8 orc warriors
  An ice beast (D:10)
  3 phantoms
  A sky beast (D:11)
  The ghost of Denreik the Skirmisher, an amateur FoCK of Xom (D:11)
  3 ogres
  2 wolves (D:9)
  7 centaurs
  2 crocodiles
  8 bullfrogs
  A wyvern zombie (D:6)
  A wyvern skeleton (D:10)
  2 scorpions
  15 killer bees
  12 wights (D:11)
  A howler monkey (D:13)
  6 crimson imps
  4 hounds
  A jelly (D:4)
  A bullfrog skeleton (D:7)
  8 orc priests
  3 iguanas
  12 orc wizards
  11 worker ants
  The ghost of Denreik the Skirmisher, a weakling FoCK of Xom (D:6)
  A worker ant zombie (D:8)
  A howler monkey skeleton (D:5)
  A howler monkey zombie (D:6)
  4 gnolls (D:9)
  8 adders
  7 shadow imps
  An ooze (D:1)
  An adder zombie (D:6)
  An adder skeleton (D:6)
  A dart slug (D:3)
  2 worms
  4 leopard geckos
  34 orcs
  4 bats
  A giant cockroach (D:1)
  4 goblins (D:1)
  4 hobgoblins
  9 jackals
  3 kobolds
  9 quokkas
  7 frilled lizards
  5 rats
295 creatures vanquished.

Notes
Turn   | Place    | Note
-------+----------+-------------------------------------------
     0 | D:1      | Reinor the Vampire Enchanter began the quest for the Orb.
     0 | D:1      | Reached XP level 1. HP: 13/13 MP: 3/3
    82 | D:1      | Reached XP level 2. HP: 17/19 MP: 5/5
   300 | D:1      | Found a shattered altar of Ashenzari.
   351 | D:1      | Learned a level 2 spell: Ensorcelled Hibernation
   496 | D:2      | Reached XP level 3. HP: 24/24 MP: 6/6
   519 | D:2      | Found a burning altar of Makhleb.
   526 | D:2      | Reached skill level 5 in Stealth
   541 | D:2      | Found a faded altar of an unknown god.
  1049 | D:3      | Reached skill level 6 in Stealth
  1049 | D:3      | Reached XP level 4. HP: 13/30 MP: 4/7
  1555 | D:3      | Noticed Sigmund
  1596 | D:3      | Killed Sigmund
  1596 | D:3      | Reached skill level 9 in Stealth
  1596 | D:3      | Reached XP level 5. HP: 24/35 MP: 3/8
  1615 | D:3      | Learned a level 3 spell: Confuse
  2185 | D:4      | Reached XP level 6. HP: 41/41 MP: 9/9
  2285 | D:4      | Reached skill level 5 in Hexes
  2290 | D:4      | Noticed a hornet
  2319 | D:4      | Learned a level 3 spell: Dazzling Spray
  2737 | D:5      | Entered Level 5 of the Dungeon
  2754 | D:5      | Noticed Eustachio
  2761 | D:5      | Killed Eustachio
  2761 | D:5      | Reached XP level 7. HP: 46/46 MP: 10/12
  2824 | D:5      | Found a staircase to the Ecumenical Temple.
  2844 | Temple   | Entered the Ecumenical Temple
  2853 | Temple   | Became a worshipper of Dithmenos the Shadowed
  3165 | D:5      | Noticed Pikel
  3195 | D:5      | Killed Pikel
  3195 | D:5      | Reached skill level 10 in Hexes
  3195 | D:5      | Reached XP level 8. HP: 50/52 MP: 6/14
  3297 | D:5      | Reached skill level 1 in Fighting
  3419 | D:6      | Reached skill level 1 in Invocations
  3423 | D:6      | Noticed Denreik's ghost (weakling FoCK)
  3453 | D:6      | Killed Denreik's ghost
  3675 | D:6      | Noticed a hippogriff
  3689 | D:6      | Killed a hippogriff
  3697 | D:6      | Reached skill level 5 in Dodging
  3699 | D:6      | Reached * piety under Dithmenos
  4074 | D:6      | Reached XP level 9. HP: 61/61 MP: 15/15
  4573 | D:7      | Reached skill level 5 in Short Blades
  4818 | D:7      | Noticed Prince Ribbit
  4863 | D:7      | Killed Prince Ribbit
  4863 | D:7      | Reached skill level 10 in Stealth
  5322 | D:8      | Reached skill level 11 in Stealth
  5565 | D:8      | Found a staircase to the Lair.
  5656 | D:9      | Noticed Grum
  5662 | D:9      | Killed Grum
  5662 | D:9      | Reached ** piety under Dithmenos
  5677 | D:9      | Reached skill level 12 in Stealth
  5753 | D:9      | Got a faintly humming leather armour
  5764 | D:9      | Identified the cursed +1 leather armour of Ziemargha {Dex+4} (You found it on level 9 of the Dungeon)
  5779 | D:9      | Noticed a purple ugly thing
  5800 | D:9      | Killed a purple ugly thing
  5800 | D:9      | Reached skill level 1 in Conjurations
  5811 | D:9      | Noticed a troll
  5813 | D:9      | Killed a troll
  5813 | D:9      | Reached XP level 10. HP: 67/67 MP: 14/16
  5982 | D:9      | Found a sacrificial altar of Ru.
  6119 | D:9      | Noticed a hill giant
  6123 | D:9      | Killed a hill giant
  6163 | D:9      | Reached skill level 5 in Spellcasting
  6399 | D:10     | Entered Level 10 of the Dungeon
  6419 | D:10     | Noticed a gargoyle
  6443 | D:10     | Killed a gargoyle
  6459 | D:10     | Reached *** piety under Dithmenos
  6508 | D:10     | Noticed a hill giant
  6534 | D:10     | Killed a hill giant
  6534 | D:10     | Reached skill level 5 in Fighting
  6571 | D:10     | Noticed a hill giant
  6583 | D:10     | Killed a hill giant
  6676 | D:10     | Reached XP level 11. HP: 79/79 MP: 20/20
  6707 | D:10     | Noticed Denreik's ghost (amateur FoCK)
  6731 | D:10     | Reached skill level 13 in Stealth
  6741 | D:10     | Killed Denreik's ghost
  7025 | D:10     | Reached skill level 14 in Stealth
  7124 | D:11     | Noticed a hill giant
  7155 | D:11     | Killed a hill giant
  7291 | D:11     | Found Hufyfani's Antique Weapon Shoppe.
  7308 | D:11     | Noticed Denreik's ghost (amateur FoCK)
  7315 | D:11     | Reached skill level 15 in Stealth
  7318 | D:11     | Noticed Urug
  7332 | D:11     | Reached **** piety under Dithmenos
  7351 | D:11     | Killed Urug
  7370 | D:11     | Killed Denreik's ghost
  7370 | D:11     | Reached skill level 16 in Stealth
  7399 | D:11     | Found Bomez's Food Shoppe.
  7787 | D:11     | Found a staircase to the Orcish Mines.
  7908 | D:11     | Found Kuykewky's Weapon Shop.
  7916 | D:11     | Bought a +0 blowgun for 27 gold pieces
  7975 | D:11     | Noticed a brown ugly thing
  7986 | D:11     | Killed a brown ugly thing
  8110 | D:11     | Noticed a six-headed hydra
  8119 | D:11     | Killed a six-headed hydra
  8119 | D:11     | Reached skill level 1 in Throwing
  8217 | D:12     | Noticed a hill giant
  8223 | D:12     | Killed a hill giant
  8223 | D:12     | Reached ***** piety under Dithmenos
  8328 | D:12     | Learned a level 1 spell: Summon Butterflies
  8446 | D:12     | Reached XP level 12. HP: 86/86 MP: 21/21
  8889 | D:12     | Learned a level 5 spell: Summon Mana Viper
  8921 | D:13     | Reached skill level 1 in Summonings
  8921 | D:13     | Reached skill level 1 in Ice Magic
  8969 | D:13     | Learned a level 2 spell: Passwall
  8973 | D:13     | Learned a level 3 spell: Stone Arrow
  9189 | D:13     | Noticed a centaur warrior
  9192 | D:13     | Killed a centaur warrior
  9497 | D:13     | Reached skill level 1 in Transmutations
  9497 | D:13     | Reached skill level 1 in Earth Magic
  9618 | D:13     | HP: 2/86 [wizard/fireball (33)]
  9621 | D:13     | Noticed a vault guard
  9621 | D:13     | Noticed a vault guard
  9641 | D:13     | Killed a vault guard
  9646 | D:13     | Slain by a vault guard

Skill      XL: |  1  2  3  4  5  6  7  8  9 10 11 12 |
---------------+-------------------------------------+-----
Short Blades   | 2 3 6 8 9 |  9.1
Stealth        | 6 9 12 16 | 16.2
Hexes          | 6 10 11 12 | 12.0
Spellcasting   | 3 4 6 |  6.1
Fighting       | 2 5 |  5.0
Invocations    | 2 |  2.1
Dodging        | 6 7 8 |  8.0
Conjurations   | 2 3 |  3.1
Throwing       | 2 |  2.2
Summonings     | 3 |  3.2
Ice Magic      | 3 |  3.3
Transmutations | 3 |  3.1
Earth Magic    | 4 |  4.3

Action                   |  1- 3 |  4- 6 |  7- 9 | 10-12 || total
-------------------------+-------+-------+-------+-------++-------
Melee: Dagger            |   154 |   153 |   284 |       ||   591
       Bite              |    21 |    13 |    35 |    34 ||   103
       Short sword       |       |       |     6 |   449 ||   455
 Cast: Ensorcelled Hiber |     1 |     1 |    50 |   117 ||   169
       Confuse           |       |     1 |    25 |    25 ||    51
       Dazzling Spray    |       |       |       |    14 ||    14
Evoke: Wand              |       |     1 |       |       ||     1
  Use: Scroll            |     3 |     3 |    14 |     7 ||    27
       Potion            |       |     2 |       |     3 ||     5
 Stab: Sleeping          |     8 |     9 |    49 |    89 ||   155
       Confused          |       |     3 |    17 |    22 ||    42
       Distracted        |       |       |       |     3 ||     3
       Invisible         |       |       |       |     6 ||     6
  Eat: Corpse            |    10 |    10 |    15 |    13 ||    48
Armor: Robe              |    32 |    45 |    60 |       ||   137
       Leather armour    |       |       |       |   106 ||   106
Dodge: Dodged            |    63 |   108 |   166 |   373 ||   710
